 Dungeon Crawl Stone Soup version 0.27.1-33-g824d729ab1 (webtiles) character file.

Game seed: 7907590804350733643

70 pkoi the Sneak (level 4, -2/36 HPs)
             Began as a Draconian Brigand on Dec 21, 2021.
             Blown up by Ijyb (25 damage)
             ... with a mindburst bolt
             ... on level 3 of the Dungeon.
             The game lasted 00:01:59 (2091 turns).

pkoi the Sneak (Draconian Brigand)                  Turns: 2091, Time: 00:02:00

Health: -2/36      AC:  6    Str: 13    XL:     4   Next: 4%
Magic:  4/4        EV: 11    Int: 13    God:
Gold:   82         SH:  0    Dex: 12    Spells: 3/3 levels left

rFire    . . .     SeeInvis .   a - +3 dagger
rCold    . . .     Faith    .   (no shield)
rNeg     . . .     Spirit   .   (armour unavailable)
rPois    .         Reflect  .   (helmet restricted)
rElec    .         Harm     .   e - +0 cloak
rCorr    .         Rampage  .   (no gloves)
Will     .....                  (no boots)
Stlth    ++........             (no amulet)
HPRegen  0.12/turn              (no ring)
MPRegen  0.09/turn              (no ring)

@: no status effects
A: AC +5, unfitting armour, cold-blooded
a: no special abilities


You were on level 3 of the Dungeon.
You visited 1 branch of the dungeon, and saw 3 of its levels.

You collected 82 gold pieces.

Inventory:

Hand Weapons
 a - a +3 dagger (weapon)
Missiles
 c - 8 poisoned darts (quivered)
 d - 2 curare-tipped darts
Armour
 e - a +0 cloak (worn)
Jewellery
 n - a ring of ice
Scrolls
 b - a scroll of enchant weapon
 g - a scroll of immolation {unknown}
 i - a scroll of amnesia {unknown}
 j - a scroll of brand weapon {unknown}
 k - a scroll of identify {unknown}
 m - 2 scrolls of vulnerability {unknown}
Potions
 f - a potion of curing {unknown}
 h - a potion of haste {unknown}
 l - 2 potions of resistance {unknown}
 o - a potion of flight {unknown}


   Skills:
 - Level 2.1 Fighting
 + Level 2.9 Short Blades
 - Level 1.7 Throwing
 - Level 0.8 Dodging
 - Level 3.6 Stealth
 * Level 3.0 Unarmed Combat


You had 3 spell levels left.
You didn't know any spells.
Your spell library contained the following spells:

 Spells                   Type           Power      Damage    Failure   Level
 Slow                     Hex            0%         N/A       43%         2
 Confusing Touch          Hex            0%         N/A       67%         3
 Vampiric Draining        Necr           0%         2d6       67%         3


Dungeon Overview and Level Annotations

Branches:
Dungeon (3/15)

Altars:

Annotations:
D:3 Ijyb


Innate Abilities, Weirdness & Mutations

Your plain brown scales are hard. (AC +5)
You cannot fit into any form of body armour.
You are cold-blooded and may be slowed by cold attacks.


Message History

No target in view!
No target in view!
No target in view!
No target in view!
No target in view!
No target in view!
No target in view!
No target in view!
No target in view!
No target in view!
No target in view!
No target in view!
Things that are here:
a +0 dagger; a goblin corpse
Found a black potion.
o - a black potion Ijyb the Twisted Goblin comes into view.
She is wielding a +0 dagger and carrying a wand of mindburst (17).
Found a stone staircase leading down.
Ijyb is nearby!
Found a scroll labelled DAULLEHOE NADGH.
Ijyb shouts!
Ijyb zaps a wand.
Your mind is blasted!
Ijyb misses you.
You hit Ijyb.
Ijyb is lightly wounded.
Ijyb hits you with a +0 dagger.
You closely miss Ijyb.
Ijyb is lightly wounded.
Ijyb hits you with a +0 dagger.
You hit Ijyb.
Ijyb is moderately wounded.
Ijyb zaps a wand.
Your mind is blasted!
You hit Ijyb but do no damage.
Ijyb is moderately wounded.
Ijyb closely misses you.
You closely miss Ijyb.
Ijyb is moderately wounded.
Ijyb zaps a wand.
Your mind is blasted!
Ouch! That really hurt!
You die...

. .. ### # #. ....
#.#. .....
####.#.#####......
..........@g..>...
..................
#.##..............
#.##..#.######.?..
#.##..#.....# ...
#.##..##....# +#
.######...........#
......................
.######.###.###..###.#


You could see Ijyb.

Vanquished Creatures
  Robin (D:2)
  An adder (D:2)
  2 dart slugs (D:2)
  3 endoplasms
  2 giant cockroaches
  5 hobgoblins (D:2)
  4 jackals (D:2)
  A quokka (D:2)
  3 ball pythons
  7 bats
  5 frilled lizards
  5 goblins
  5 kobolds
  A rat (D:3)
45 creatures vanquished.

Notes
Turn   | Place    | Note
-------+----------+-------------------------------------------
     0 | D:1      | pkoi the Draconian Brigand began the quest for the Orb.
     0 | D:1      | Reached XP level 1. HP: 17/17 MP: 1/1
   272 | D:1      | Reached skill level 1 in Unarmed Combat
   370 | D:1      | Reached XP level 2. HP: 24/24 MP: 2/2
   623 | D:1      | Found a faded altar of an unknown god.
  1393 | D:2      | Reached XP level 3. HP: 29/29 MP: 3/3
  1892 | D:2      | Noticed Robin
  1899 | D:2      | Killed Robin
  1993 | D:2      | Reached XP level 4. HP: 36/36 MP: 4/4
  2083 | D:3      | Noticed Ijyb
  2091 | D:3      | Blown up by Ijyb

Illustrated notes

Levels and vault maps discovered:
D:1:      erik_arrival_triangle_small, layout_basic,
          dreamdust_ecumenical_altar_hidden_monk_grotto
D:2:      layout_loops_cross, serial_bayou_pond_d, roderic_roman_lattice,
          minivault_26, uniq_robin
D:3:      layout_basic, portal_sewer_entry_b, uniq_ijyb

Skill      XL: |  1  2  3  4 |
---------------+-------------+-----
Unarmed Combat | 1 2 3 |  3.0
Fighting       | |  2.1
Short Blades   | |  2.9
Throwing       | |  1.7
Dodging        | |  0.8
Stealth        | |  3.6

Action                   |  1- 3 |  4- 6 || total
-------------------------+-------+-------++-------
Melee: Dagger            |   130 |     8 ||   138
       Tailslap          |    14 |       ||    14
  Use: Scroll            |     1 |       ||     1
 Stab: Sleeping          |     8 |     3 ||    11
Armor: Skin              |    40 |       ||    40
Dodge: Dodged            |    66 |     2 ||    68
